 Dungeon Crawl Stone Soup version 0.20-a0-1073-g49e0d3e (webtiles) character file.

3313 Murumi the Unseen (level 9, -8/63 HPs)
             Began as a Vampire Enchanter on Apr 29, 2017.
             Was a Believer of Dithmenos.
             Killed by the air
             ... invoked by Gastronok
              (28 damage)
             ... on level 8 of the Dungeon.
             The game lasted 00:33:43 (9733 turns).

Murumi the Unseen (Vampire Enchanter)               Turns: 9733, Time: 00:33:44

Health: -8/63      AC:  5    Str:  7    XL:     9   Next: 70%
Magic:  0/13       EV: 22    Int: 17    God:    Dithmenos [**....]
Gold:   72         SH:  0    Dex: 23    Spells: 0/14 levels left

rFire    . . .     SeeInvis +   p - +2 dagger (elec)
rCold    + + +     Gourm    .   (no shield)
rNeg     + + +     Faith    .   y - +2 robe {rC+}
rPois    ∞         Spirit   +   (no helmet)
rElec    +         Reflect  .   (no cloak)
rCorr    .         Harm     .   (no gloves)
MR       ++...     Clarity  +   z - +0 pair of boots
Stlth    ++++++++++             g - amulet of guardian spirit
Regen    0.0/turn               h - ring of protection from magic
MPRegen  0.2/turn               o - ring of protection from magic

@: agile, very slightly contaminated, bloodless, non-regenerating, wreathed by
umbra, invisible
A: fangs 3, talons 1, see invisible, clarity, sense surroundings 1, electricity
resistance, unbreathing
a: Bat Form, Shadow Step, Renounce Religion


You were on level 8 of the Dungeon.
You worshipped Dithmenos.
Dithmenos was pleased with you.
You were bloodless.

You visited 2 branches of the dungeon, and saw 9 of its levels.
You also visited: Ossuary.

You collected 404 gold pieces.
You spent 332 gold pieces at shops.

Inventory:

Hand Weapons
 a - a +2 dagger
 p - a +2 dagger of electrocution (weapon)
Armour
 i - a +0 buckler
 y - a +2 robe of cold resistance (worn)
 z - a +0 pair of boots (worn)
Jewellery
 g - an amulet of guardian spirit (around neck)
 h - a ring of protection from magic (left hand)
 o - a ring of protection from magic (right hand)
Wands
 u - a wand of disintegration (5/24)
Scrolls
 b - a scroll of identify
 f - 2 scrolls of fear {unknown}
 l - 2 scrolls of blinking
 r - 2 scrolls of fog
 t - 4 scrolls of remove curse
Potions
 d - 11 potions of blood
 e - 6 potions of curing
 j - 4 potions of heal wounds
 k - 2 potions of brilliance
 m - a potion of berserk rage
 n - a potion of agility
 q - a potion of mutation
 s - a potion of invisibility
 w - 2 potions of haste
Books
 c - a book of Maledictions

   Spells                             Type                      Level
   a - Corona                         Hexes                        1
   b - Ensorcelled Hibernation        Hexes/Ice                    2
   c - Confuse                        Hexes                        3
   d - Tukima's Dance                 Hexes                        3
   e - Dazzling Spray                 Conjuration/Hexes            3
 v - a book of Minor Magic

   Spells                             Type                      Level
   a - Magic Dart                     Conjuration                  1
   b - Blink                          Translocation                2
   c - Call Imp                       Summoning                    2
   d - Slow                           Hexes                        2
   e - Conjure Flame                  Conjuration/Fire             3
   f - Mephitic Cloud                 Conjuration/Poison/Air       3


   Skills:
 - Level 3.1 Fighting
 - Level 5.1 Short Blades
 + Level 5.8 Dodging
 - Level 15.0 Stealth
 - Level 3.1 Spellcasting
 - Level 8.2 Hexes


You couldn't memorise any spells.
You knew the following spells:

 Your Spells              Type           Power        Failure   Level  Hunger
a - Corona                Hex            ####...      1%          1    None
b - Ensorcelled Hibernat  Hex/Ice        ###...       4%          2    ##.....
c - Confuse               Hex            ####....     1%          3    ###....
d - Tukima's Dance        Hex            ####....     1%          3    ###....
e - Dazzling Spray        Conj/Hex       ###...       10%         3    ###....
f - Blink                 Tloc           N/A          26%         2    ##.....


Dungeon Overview and Level Annotations

Branches:
Dungeon (8/15)             Temple (1/1) D:4
   Lair: D:8-11

Altars:
Ashenzari
Cheibriados
Dithmenos
Elyvilon
Fedhas
Gozag
Hepliaklqana
Kikubaaqudgha
Makhleb
Nemelex Xobeh
Okawaru
Qazlal
Ru
Sif Muna
Trog
Uskayaw
Vehumet
Wu Jian
Xom
Yredelemnul
Zin
The Shining One

Shops:
D:7 [

Annotations:
D:8 Gastronok


Innate Abilities, Weirdness & Mutations

You do not heal naturally.
You are immune to poison.
You have razor-sharp teeth.
You have supernaturally acute eyesight. (SInv)
You can survive without breathing.
You have sharp toenails.
You possess an exceptional clarity of mind.
You passively map a small area around you.
You are resistant to electric shocks. (rElec)


Message History

Gastronok wobbles crazily.
You hit the wolf but do no damage.
The wolf is severely wounded.
The wolf barely misses you.
The sky beast flickers out of sight for a moment.
You miss the wolf.
The wolf is severely wounded.
The wolf bites you.
You barely miss the wolf.
The wolf is severely wounded.
The wolf closely misses you. The wolf barely misses you.
You closely miss the wolf.
The wolf is heavily wounded.
The wolf misses you.
You hit the wolf.
The wolf is severely wounded.
The wolf misses you.
Gastronok waves his eye-stalks in wide circles.
The air twists around and strikes you!
You die...

, * * * * #....
......# ...,**
...* ###.. ,
..$....##.. ... *
##. ..w.....$.# *
..., #.
..........# ..?
..........## #.#
...........##
#.#*
............###.#
*
............##@#*
*
......)..Sw.Yh##
.............##
**.............#
.............#
............##
.###........# ,
####.....#
##....#


You could see Gastronok, a sky beast (invisible), a wolf and an adder
(wandering).

Vanquished Creatures
  Pikel (D:5)
  The ghost of M4edhros the Covert, a novice OpAr (D:6)
  Grum (D:8)
  An ice beast (D:7)
  A sky beast (D:5)
  2 orc warriors
  A phantom (D:5)
  A centaur (D:3)
  A wolf (D:8)
  4 ogres
  A bullfrog (D:6)
  2 water moccasin zombies (Ossuary)
  A scorpion (D:6)
  A water moccasin skeleton (D:5)
  4 wights
  2 crimson imps
  A bullfrog zombie (D:5)
  A jelly (D:5)
  4 hounds
  3 orc priests
  7 orc wizards
  2 iguanas
  3 worker ants
  A big kobold zombie (Ossuary)
  A hound zombie (D:7)
  A hound skeleton (D:7)
  2 mummies (Ossuary)
  6 adders
  2 shadow imps
  3 adder skeletons
  6 adder zombies (Ossuary)
  3 worms
  A dart slug (D:4)
  8 leopard geckos
  23 orcs
  12 bats
  4 giant cockroaches
  8 hobgoblins
  11 jackals
  A kobold (D:2)
  A quokka (D:5)
  2 ball pythons (D:1)
  4 frilled lizards
  3 gnoll zombies (Ossuary)
  5 goblins
  4 hobgoblin zombies (Ossuary)
  2 kobold zombies (Ossuary)
  A leopard gecko skeleton (D:4)
  5 orc zombies (Ossuary)
  6 rats
172 creatures vanquished.

Vanquished Creatures (collateral kills)
  A hound (D:7)
  An orc priest (D:4)
  3 gnolls
  2 orcs (D:7)
7 creatures vanquished.

Vanquished Creatures (others)
  A dancing weapon (D:7)
  2 slaves (D:5)
  An adder zombie (D:5)
4 creatures vanquished.

Grand Total: 183 creatures vanquished

Notes
Turn   | Place    | Note
-------+----------+-------------------------------------------
     0 | D:1      | Murumi the Vampire Enchanter began the quest for the Orb.
     0 | D:1      | Reached XP level 1. HP: 13/13 MP: 3/3
   116 | D:1      | Reached skill level 5 in Stealth
   327 | D:1      | Reached XP level 2. HP: 20/20 MP: 5/5
   331 | D:1      | Learned a level 2 spell: Ensorcelled Hibernation
   476 | D:1      | Reached skill level 1 in Fighting
  1338 | D:2      | Reached skill level 6 in Stealth
  1361 | D:2      | Reached XP level 3. HP: 26/26 MP: 6/6
  1370 | D:2      | Learned a level 3 spell: Confuse
  2191 | D:3      | Reached skill level 7 in Stealth
  2456 | D:3      | Reached XP level 4. HP: 32/32 MP: 7/7
  2748 | D:3      | Noticed a centaur
  2796 | D:3      | Killed a centaur
  2796 | D:3      | Reached skill level 8 in Stealth
  2796 | D:3      | Reached XP level 5. HP: 12/37 MP: 0/8
  3294 | D:3      | Reached skill level 9 in Stealth
  3943 | D:4      | Found a staircase to the Ecumenical Temple.
  3953 | Temple   | Entered the Ecumenical Temple
  4050 | Temple   | Became a worshipper of Dithmenos the Shadowed
  4210 | D:4      | Reached skill level 10 in Stealth
  4210 | D:4      | Reached XP level 6. HP: 43/43 MP: 9/9
  4215 | D:4      | Learned a level 3 spell: Tukima's Dance
  4296 | D:4      | Found a sand-covered staircase.
  4300 | Ossuary  | Entered an ossuary
  4482 | Ossuary  | Reached skill level 5 in Hexes
  5015 | D:4      | Reached XP level 7. HP: 48/48 MP: 10/10
  5199 | D:4      | Reached * piety under Dithmenos
  5885 | D:5      | Entered Level 5 of the Dungeon
  6183 | D:5      | Found a hazy altar of Hepliaklqana.
  6225 | D:5      | Reached ** piety under Dithmenos
  6328 | D:5      | Reached skill level 11 in Stealth
  6328 | D:5      | Reached XP level 8. HP: 56/56 MP: 1/11
  6662 | D:5      | Noticed Pikel
  6667 | D:5      | Gained mutation: You passively map a small area around you. [potion of mutation]
  6667 | D:5      | Gained mutation: You possess an exceptional clarity of mind. [potion of mutation]
  6667 | D:5      | Gained mutation: You are resistant to electric shocks. (rElec) [potion of mutation]
  6667 | D:5      | Gained mutation: You have sharp toenails. [potion of mutation]
  6673 | D:5      | Killed Pikel
  6673 | D:5      | Reached skill level 13 in Stealth
  7858 | D:6      | Noticed M4edhros's ghost (novice OpAr)
  8072 | D:6      | Reached XP level 9. HP: 63/63 MP: 6/13
  8333 | D:6      | Killed M4edhros's ghost
  8333 | D:6      | Reached skill level 14 in Stealth
  8468 | D:6      | Learned a level 3 spell: Dazzling Spray
  8471 | D:6      | Learned a level 2 spell: Blink
  9042 | D:7      | Found Suvumeng's Armour Boutique.
  9049 | D:7      | Reached skill level 15 in Stealth
  9051 | D:7      | Bought a +2 robe of cold resistance for 265 gold pieces
  9051 | D:7      | Bought a +0 pair of boots for 67 gold pieces
  9556 | D:8      | Reached skill level 5 in Short Blades
  9699 | D:8      | Noticed Grum
  9704 | D:8      | Noticed Gastronok
  9705 | D:8      | Killed Grum
  9705 | D:8      | Reached skill level 5 in Dodging
  9733 | D:8      | Killed from afar by Gastronok

Vault maps used:
D:1:      minmay_arrival_radiant_lines, minmay_tromino_mix6
D:4:      minmay_temple_entry_junction, portal_sewer_entry_f, enter_ossuary_5
D:5:      lemuel_doored_altar, first_bread, st_stairs_6, uniq_pikel
D:7:      serial_shops, shop
D:8:      uniq_grum, uniq_gastronok
Temple:   kilobyte_greek_temple
Ossuary:  ossuary_tomb_2

Skill      XL: |  1  2  3  4  5  6  7  8  9 |
---------------+----------------------------+-----
Stealth        | 5 6 7 8 10 11 13 15 | 15.0
Fighting       | 1 2 3 |  3.1
Short Blades   | 2 3 4 5 |  5.1
Hexes          | 7 8 |  8.2
Dodging        | 4 5 |  5.8
Spellcasting   | 3 |  3.1

Action                   |  1- 3 |  4- 6 |  7- 9 || total
-------------------------+-------+-------+-------++-------
Melee: Dagger            |    60 |   131 |   275 ||   466
       Bite              |     1 |    10 |    19 ||    30
       Kick              |       |       |    17 ||    17
 Cast: Corona            |     3 |       |       ||     3
       Ensorcelled Hiber |    22 |    23 |    78 ||   123
       Confuse           |       |     3 |    10 ||    13
       Tukima's Dance    |       |       |     9 ||     9
Invok: Shadow Step       |       |       |     1 ||     1
  Use: Scroll            |     7 |     3 |     6 ||    16
       Potion            |     1 |     5 |    11 ||    17
 Stab: Sleeping          |    33 |    30 |    55 ||   118
       Distracted        |       |     2 |     2 ||     4
       Confused          |       |     3 |     6 ||     9
  Eat: Corpse            |       |       |     3 ||     3
Armor: Robe              |    12 |    10 |    25 ||    47
       Skin              |       |       |     3 ||     3
Dodge: Dodged            |    39 |    73 |   188 ||   300
